 Dungeon Crawl Stone Soup version 0.29-a0-222-g5b244fca1f (webtiles) character file.

Game seed: 14369500834809983345

3160 dolemite99 the Fiendish (level 9, -22/74 HPs)
             Began as a Troll Ice Elementalist on Feb 28, 2022.
             Was a Priest of Makhleb.
             Annihilated by a two-headed ogre
             ... wielding a +0 dire flail
              (27 damage)
             ... on level 8 of the Dungeon.
             The game lasted 00:10:40 (7022 turns).

dolemite99 the Fiendish (Troll Ice Elementalist)    Turns: 7022, Time: 00:10:41

Health: -22/74     AC: 12    Str: 20    XL:     9   Next: 62%
Magic:  14/14      EV:  9    Int: 13    God:    Makhleb [***...]
Gold:   551        SH:  0    Dex: 10    Spells: 9/10 levels left

rFire   . . .      SeeInvis .     - Unarmed
rCold   . . .      Faith    .   (no shield)
rNeg    . . .      Spirit   .   l - +3 troll leather armour {Pargi}
rPois   .          Reflect  .   (helmet restricted)
rElec   .          Harm     .   r - +2 cloak
rCorr   +          Rampage  .   (gloves unavailable)
Will    .....                   (boots unavailable)
Stlth   +.........              (no amulet)
HPRegen 1.82/turn               d - ring of resist corrosion
MPRegen 0.14/turn               (no ring)

@: no status effects
A: large, unfitting armour, claws 3, regeneration 1, shaggy fur 1, tough skin 1
a: Renounce Religion, Minor Destruction, Lesser Servant of Makhleb


You were on level 8 of the Dungeon.
You worshipped Makhleb.
Makhleb was most pleased with you.
You visited 1 branch of the dungeon, and saw 8 of its levels.
You also visited: Sewer.

You collected 551 gold pieces.

Inventory:

Hand Weapons
 u - a +0 hunting sling
 y - the +7 whip of Pestilence {spect, Int+3}
   (You found it on level 5 of the Dungeon)

   When its wielder attacks, the weapon's spirit leaps out and strikes again.
   The spirit shares a part of any damage it takes with its wielder.
   Int:       It affects your intelligence (+3).
Missiles
 C - 4 boomerangs
Armour
 l - a +3 troll leather armour (worn) {Pargi}
 r - a +2 cloak (worn)
 z - a scarf of invisibility
 B - +0 steam dragon scales
Magical Staves
 E - a staff of conjuration
Jewellery
 a - an amulet of faith
 d - a ring of resist corrosion (left claw)
 e - a +6 ring of strength
Wands
 m - a wand of acid (6)
 n - a wand of flame (41)
Scrolls
 b - 2 scrolls of torment {unknown}
 c - a scroll of summoning {unknown}
 f - 2 scrolls of enchant weapon {unknown}
 g - 5 scrolls of teleportation
 k - a scroll of blinking {unknown}
 t - 3 scrolls of noise {unknown}
 v - a scroll of holy word {unknown}
 A - a scroll of identify {@r1}
 D - a scroll of fog {unknown}
Potions
 h - a potion of lignification
 i - 3 potions of flight
 j - 2 potions of magic
 o - a potion of mutation
 p - a potion of heal wounds {unknown}
 q - 3 potions of might
 s - 3 potions of brilliance
 w - 2 potions of curing {unknown}
 x - 2 potions of haste


   Skills:
 - Level 1.5 Dodging
 - Level 1.0 Stealth
 + Level 9.0 Unarmed Combat
 - Level 1.2 Spellcasting
 - Level 2.9 Ice Magic
 + Level 9.3 Invocations


You had 9 spell levels left.
You knew the following spells:

 Your Spells              Type           Power      Damage    Failure   Level
a - Freeze                Ice            32%        1d5       10%         1

Your spell library contained the following spells:

 Spells                   Type           Power      Damage    Failure   Level
 Frozen Ramparts          Ice            16%        1d3       28%         3
 Ozocubu's Armour         Ice            8%         N/A       28%         3
 Conjure Flame            Conj/Fire      0%         6-21      69%         3
 Dazzling Flash           Conj/Hex       0%         N/A       69%         3
 Ignite Poison            Fire/Tmut/Pois 0%         N/A       69%         3
 Portal Projectile        Hex/Tloc       0%         N/A       69%         3
 Hailstorm                Conj/Ice       4%         3d4       87%         4
 Iskenderun's Mystic Bla  Conj/Tloc      0%         2d3       97%         4
 Sticky Flame             Conj/Fire      0%         2d3       97%         4
 Blade Hands              Tmut           0%         N/A       100%        5
 Excruciating Wounds      Necr           0%         N/A       100%        5
 Starburst                Conj/Fire      0%         6d3       100%        6


Dungeon Overview and Level Annotations

Branches:
Dungeon (8/15)             Temple (0/1) D:6           Sewer (visited)
   Lair: D:8-11

Altars:
Dithmenos
Makhleb
Nemelex Xobeh
Okawaru
Zin


Innate Abilities, Weirdness & Mutations

You are too large for most types of armour.
You have claws for hands.
Your natural rate of healing is unusually fast.
You are covered in fur. (AC +1)
You have tough skin. (AC +1)


Message History

The centaur hits you. The centaur closely misses you.
Aiming: Minor Destruction (0% risk of failure)
Press: ? - help, Shift-Dir - straight line, f/p - centaur
Aim: a centaur (almost dead)
The puff of flame hits the centaur!
You kill the centaur!
Makhleb accepts your kill.
You feel better.
A two-headed ogre comes into view.
It is wielding a +0 dire flail and a +0 giant spiked club.
Your Unarmed Combat skill increases to level 9!
Aiming: Minor Destruction (0% risk of failure)
Press: ? - help, Shift-Dir - straight line, f - two-headed ogre
Aim: a two-headed ogre, wielding a +0 dire flail and a +0 giant spiked club The glob of acid hits the two-headed ogre!
The two-headed ogre is moderately wounded.
Aiming: Minor Destruction (0% risk of failure)
Press: ? - help, Shift-Dir - straight line, f/p - two-headed ogre
Aim: a two-headed ogre, wielding a +0 dire flail and a +0 giant spiked club (moderately wounded)
The glob of acid hits the two-headed ogre!
The acid corrodes the two-headed ogre!
The two-headed ogre is moderately wounded.
The two-headed ogre hits you with a +0 dire flail!
The two-headed ogre hits you with a +0 giant spiked club!!
* * * LOW HITPOINT WARNING * * *
Aiming: Minor Destruction (0% risk of failure)
Press: ? - help, Shift-Dir - straight line, f/p - two-headed ogre
Aim: a two-headed ogre, wielding a +0 dire flail and a +0 giant spiked club (moderately wounded, covered in acid)
The puff of flame hits the two-headed ogre!
The two-headed ogre is heavily wounded.
The two-headed ogre closely misses you.
The two-headed ogre hits you with a +0 giant spiked club!
* * * LOW HITPOINT WARNING * * *
Aiming: Minor Destruction (0% risk of failure)
Press: ? - help, Shift-Dir - straight line, f/p - two-headed ogre
Aim: a two-headed ogre, wielding a +0 dire flail and a +0 giant spiked club (heavily wounded, covered in acid)
The two-headed ogre writhes in agony.
The two-headed ogre hits you with a +0 dire flail!
* * * LOW HITPOINT WARNING * * *
The two-headed ogre hits you with a +0 giant spiked club!!
You die...

#.#.# #.#.## #.#... #.####
##### ####..... #...#
#......#.
##########...#######.#.....
.........O)..'....>#.#.....
#######.##@..#####......<)#
#'###### #.#......#
#......... #.........
#......... ###.....##
#.......!. #.##....
#......... #.......
#c.....$.. #.##....
#......... .##....
#c........


You could see a two-headed ogre (corroded).

Vanquished Creatures
  Grinder (D:3)
  Prince Ribbit (D:5)
  2 steam dragons
  Duvessa (D:5)
  3 water moccasins
  Pargi (Sewer)
  A black bear (D:5)
  2 orc warriors
  2 sky beasts
  A necrophage (D:5)
  An ogre (D:4)
  2 centaurs (D:8)
  Blork the orc (D:5)
  A gnoll sergeant (D:7)
  Dowan (D:5)
  3 killer bees (D:7)
  3 wights (D:7)
  2 jellies
  An orc priest (D:6)
  A hound (D:5)
  Crazy Yiuf (D:3)
  2 iguanas (D:4)
  3 orc wizards
  3 gnolls
  8 adders
  A white imp (D:6)
  3 worms
  3 dart slugs
  23 orcs
  4 ball pythons
  11 bats
  8 endoplasms
  4 giant cockroaches
  11 goblins
  12 hobgoblins
  6 jackals (D:4)
  9 quokkas
  3 frilled lizards
  8 kobolds
  6 rats
160 creatures vanquished.

Vanquished Creatures (collateral kills)
  An orc warrior (D:7)
  A gnoll shaman (D:7)
  An orc priest (D:7)
  2 orc wizards (D:7)
  6 gnolls (D:7)
11 creatures vanquished.

Grand Total: 171 creatures vanquished

Notes
Turn   | Place    | Note
-------+----------+-------------------------------------------
     0 | D:1      | dolemite99 the Troll Ice Elementalist began the quest for
                  | the Orb.
     0 | D:1      | Reached XP level 1. HP: 16/16 MP: 1/1
    46 | D:1      | Reached skill level 1 in Unarmed Combat
    57 | D:1      | Reached XP level 2. HP: 24/24 MP: 2/2
   398 | D:1      | Reached XP level 3. HP: 31/31 MP: 3/3
  1403 | D:2      | Found a faded altar of an unknown god.
  1412 | D:2      | Prayed at the altar of an unknown god.
  1412 | D:2      | Became a worshipper of Makhleb the Destroyer
  1412 | D:2      | Reached * piety under Makhleb
  1495 | D:3      | Reached XP level 4. HP: 25/39 MP: 4/4
  1745 | D:3      | Found a runed translucent door.
  1746 | D:3      | Noticed Crazy Yiuf
  1972 | D:3      | Found a glowing drain.
  1982 | Sewer    | Entered a sewer
  2229 | Sewer    | Noticed Pargi
  2244 | Sewer    | Killed Pargi
  2245 | Sewer    | Reached skill level 5 in Unarmed Combat
  2245 | Sewer    | Reached XP level 5. HP: 27/45 MP: 3/5
  2447 | D:3      | Noticed Grinder
  2455 | D:3      | Killed Grinder
  2455 | D:3      | Reached ** piety under Makhleb
  2456 | D:3      | Reached XP level 6. HP: 41/53 MP: 6/6
  2858 | D:3      | Killed Crazy Yiuf
  3202 | D:4      | Reached XP level 7. HP: 41/59 MP: 7/7
  3525 | D:4      | Found an iron altar of Okawaru.
  3593 | D:4      | Reached *** piety under Makhleb
  3678 | D:4      | Found a shadowy altar of Dithmenos.
  4135 | D:5      | Entered Level 5 of the Dungeon
  4265 | D:5      | Noticed Blork the orc
  4273 | D:5      | Killed Blork the orc
  4311 | D:5      | Identified the +7 whip of Pestilence {spect, Int+3}
  4648 | D:5      | Noticed Duvessa
  4648 | D:5      | Noticed Dowan
  4653 | D:5      | Killed Duvessa
  4654 | D:5      | Reached skill level 5 in Invocations
  4654 | D:5      | Reached XP level 8. HP: 64/67 MP: 10/10
  4657 | D:5      | Killed Dowan
  4859 | D:5      | Noticed Prince Ribbit
  4865 | D:5      | Killed Prince Ribbit
  5625 | D:6      | Found a sparkling altar of Nemelex Xobeh.
  5802 | D:6      | Found a staircase to the Ecumenical Temple.
  5875 | D:6      | Found a glowing silver altar of Zin.
  6002 | D:7      | Reached XP level 9. HP: 59/74 MP: 14/14
  7018 | D:8      | Noticed a two-headed ogre
  7022 | D:8      | Annihilated by a two-headed ogre

Illustrated notes

Levels and vault maps discovered:
D:1:      dpeg_chamrin_arrival_tetris, layout_rooms
D:2:      layout_loops_ring, ebering_ecumenical_altar_sacrificial
D:3:      layout_basic, gup_sewer_entry_bubbles, uniq_grinder,
          uniq_crazy_yiuf_cottage
D:4:      layout_cave_pods, nicolae_overflow_hidden_temple,
          okawaru_altar_gauntlet_db, serial_rivers,
          chequers_serial_rivers_small_b, chequers_serial_rivers_large_b,
          chequers_serial_rivers_room_a, chequers_serial_rivers_room_b,
          chequers_serial_rivers_small_a, chequers_serial_rivers_micro_b
D:5:      layout_loops_cross, uniq_prince_ribbit1, uniq_duvessa,
          uniq_blork_the_orc
D:6:      layout_basic, mainiacjoe_overflow_small_starburst, zin_treasury,
          minmay_temple_entry_stoned_glass
D:7:      layout_cave_pods, grunt_decor_mini_mirrors
D:8:      layout_basic, uniq_grum

Skill      XL: |  1  2  3  4  5  6  7  8  9 |
---------------+----------------------------+-----
Unarmed Combat | 1 2 3 5 6 7 9 |  9.0
Invocations    | 5 8 9 |  9.3
Dodging        | |  1.5
Stealth        | |  1.0
Spellcasting   | |  1.2
Ice Magic      | |  2.9

Action                   |  1- 3 |  4- 6 |  7- 9 || total
-------------------------+-------+-------+-------++-------
Melee: Unarmed           |   131 |   129 |   170 ||   430
       Punch             |       |     4 |     4 ||     8
 Cast: Freeze            |       |     1 |     2 ||     3
Invok: Minor Destruction |       |       |    92 ||    92
       Lesser Servant of |       |       |     3 ||     3
  Use: Potion            |       |     1 |       ||     1
       Scroll            |       |       |    10 ||    10
 Stab: Sleeping          |     2 |     1 |     1 ||     4
Armor: Robe              |    38 |    57 |       ||    95
       Troll leather arm |       |    29 |   143 ||   172
Dodge: Dodged            |    57 |    84 |   131 ||   272

Table legend: (Time is in decaauts)
 A = Elapsed time spent in this place.
 B = Non-inter-level travel time spent in this place.
 C = Inter-level travel time spent in this place.
 D = Time resting spent in this place.
 E = Time spent auto-exploring this place.
 F = Levels seen in this place.
 G = Mean time per level.
                   A        B        C        D        E       F      G
               +--------+--------+--------+--------+--------+-----+--------+
         Total |   7029 |   6753 |    276 |   1601 |   3709 |   9 |  781.0 |
       Dungeon |   6619 |   6343 |    276 |   1291 |   3693 |   8 |  827.4 |
         Sewer |    410 |    410 |      0 |    310 |     16 |   1 |  410.0 |
               +--------+--------+--------+--------+--------+-----+--------+

Top non-repeatable levels by time:
     D:4: 1216 daAuts
     D:5: 1151 daAuts
     D:3: 1077 daAuts
     D:2: 888 daAuts
     D:7: 843 daAuts
     D:6: 591 daAuts
     D:1: 568 daAuts
   Sewer: 410 daAuts
     D:8: 281 daAuts
